 Dungeon Crawl Stone Soup version 0.27.0-1-g7a089689b8 (webtiles) character file.

Game seed: 6647866599869891929

53 shadowrider38 the Insei (level 3, -2/23 HPs)
             Began as an Octopode Transmuter on Aug 13, 2021.
             Slain by a gnoll (7 damage)
             ... on level 2 of the Dungeon.
             The game lasted 00:08:39 (2193 turns).

shadowrider38 the Insei (Octopode Transmuter)       Turns: 2193, Time: 00:08:40

Health: -2/23      AC:  1    Str:  9    XL:     3   Next: 89%
Magic:  4/7        EV: 13    Int: 16    God:
Gold:   61         SH:  0    Dex: 12    Spells: 4/7 levels left

rFire    . . .     SeeInvis .   b - +0 hand axe
rCold    . . .     Faith    .   (no shield)
rNeg     . . .     Spirit   .   (helmet currently unavailable)
rPois    .         Reflect  .   (no amulet)
rElec    .         Harm     .   (no ring)
rCorr    .         Rampage  .   (no ring)
Will     .....                  (no ring)
Stlth    ++........             (no ring)
HPRegen  0.07/turn              (no ring)
MPRegen  0.10/turn              (no ring)
                                (no ring)
                                (no ring)

@: lethally poisoned (-2 -> -15), appendages, wereblooded
A: tentacle spike 3, almost no armour, amphibious, 8 rings, camouflage 1,
gelatinous body 1, (nimble swimmer 1), tentacles
a: End Transformation


You were on level 2 of the Dungeon.
One of your tentacles had grown a beastly spike.
You visited 1 branch of the dungeon, and saw 2 of its levels.

You collected 61 gold pieces.

Inventory:

Hand Weapons
 b - a +0 hand axe (weapon)
Missiles
 e - 73 stones
Magical Staves
 a - a staff of conjuration
Scrolls
 c - a scroll of amnesia {unknown}
 d - a scroll of identify {unknown}
 g - a scroll of teleportation {unknown}
 h - a scroll of magic mapping {unknown}
Potions
 f - a potion of degeneration {unknown}


   Skills:
 - Level 1.0 Fighting
 - Level 2.0 Dodging
 - Level 3.0 Unarmed Combat
 + Level 2.6 Spellcasting
 + Level 1.8 Conjurations
 + Level 2.8 Transmutations


You had 4 spell levels left.
You knew the following spells:

 Your Spells              Type           Power      Damage    Failure   Level
a - Beastly Appendage     Tmut           22%        N/A       6%          1
b - Wereblood             Tmut           11%        N/A       9%          2

Your spell library contained the following spells:

 Spells                   Type           Power      Damage    Failure   Level
 Spider Form              Tmut/Pois      3%         N/A       32%         3
 Ignite Poison            Fire/Tmut/Pois 5%         N/A       36%         3
 Dazzling Flash           Conj/Hex       10%        N/A       38%         3
 Mephitic Cloud           Conj/Pois/Air  4%         N/A       41%         3
 Ice Form                 Ice/Tmut       6%         N/A       71%         4
 Iskenderun's Mystic Bla  Conj/Tloc      5%         2d3       80%         4
 Bolt of Magma            Conj/Fire/Erth 2%         4d4       99%         5
 Starburst                Conj/Fire      2%         8x6d3     100%        6


Dungeon Overview and Level Annotations

Branches:
Dungeon (2/15)

Altars:


Innate Abilities, Weirdness & Mutations

One of your tentacles has grown a beastly spike.
You cannot wear most types of armour.
You are amphibious.
You can wear up to eight rings at the same time.
Your skin changes colour to match your surroundings (Stealth+).
Your rubbery body absorbs attacks. (AC +1, EV +1)
((You are camouflaged near water. (Stealth+)))
You have tentacles for arms and can constrict up to eight enemies at once.


Message History

a +0 club; a +0 flail
There is a stone staircase leading up here.
The hobgoblin hits you.
You climb upwards.
There is a stone staircase leading down here.
You hit the hobgoblin. Your grab misses the hobgoblin.
Your squeeze misses the hobgoblin.
The hobgoblin is heavily wounded.
The hobgoblin misses you.
You hit the hobgoblin but do no damage. You grab the hobgoblin.
You squeeze the hobgoblin, but do no damage.
The hobgoblin is heavily wounded.
You constrict the hobgoblin.
You kill the hobgoblin!
There is a stone staircase leading down here.
You start resting.
Magic restored.
You start resting.
HP restored.
Casting: Beastly Appendage (safe; 6% risk of failure)
Press: ? - help, Q - select action, (/) - cycle Dir - look around, f - activate One of your tentacles grows a vicious spike.
Casting: Beastly Appendage (safe; 6% risk of failure)
Confirm with . or Enter, or press ? or * to list all spells.
Your blood is infused with primal strength.
You climb downwards.
The gnoll closely misses you. The gnoll misses you.
There is a stone staircase leading up, spattered with blood here.
The gnoll hits you with a +2 spear of venom.
You are poisoned.
Things that are here:
a +0 club; a +0 flail You hit the gnoll but do no damage.
Your grab misses the gnoll. Your squeeze misses the gnoll.
You feel sick.
The gnoll hits you with a +2 spear of venom.
You are lethally poisoned!
You hit the gnoll but do no damage. Your grab misses the gnoll.
* * * LOW HITPOINT WARNING * * *
You feel very sick.
The gnoll hits you with a +2 spear of venom!
You die...

#.####.#.#
#......#.##
#.........#
#.######.g# #.#
#..# #g# #..# #.#
#..# #.# #g.# #.#
#.# ##@# #.# #.##
#<# #.# #..# #.#
#.#
##.######.#####
## #.#
#.##.........#
#.##.#
#.##.###.###.#
#.#.####.##.###.#
#.#
#...g.........)#
#.#
##.####.##.....#
#.#


You could see 2 gnolls.

Vanquished Creatures
  An adder (D:2)
  A gnoll (D:2)
  A ball python (D:2)
  An endoplasm (D:2)
  4 giant cockroaches (D:1)
  3 goblins
  3 hobgoblins (D:1)
  2 jackals (D:1)
  5 kobolds
  3 quokkas (D:1)
  2 bats (D:1)
  2 frilled lizards
  2 rats
30 creatures vanquished.

Notes
Turn   | Place    | Note
-------+----------+-------------------------------------------
     0 | D:1      | shadowrider38 the Octopode Transmuter began the quest for
                  | the Orb.
     0 | D:1      | Reached XP level 1. HP: 13/13 MP: 3/3
   367 | D:1      | Reached XP level 2. HP: 14/18 MP: 5/5
   560 | D:1      | Reached skill level 1 in Conjurations
   660 | D:1      | Learned a level 2 spell: Wereblood
  1498 | D:2      | Reached XP level 3. HP: 22/23 MP: 4/6
  2193 | D:2      | Slain by a gnoll

Illustrated notes

Levels and vault maps discovered:
D:1:      ncdulo_halloftheorcs, layout_loops_cross
D:2:      layout_loops_ring, hellmonk_ecumenical_altar_blasted

Skill      XL: |  1  2 |
---------------+-------+-----
Conjurations   | 1 |  1.8
Fighting       | |  1.0
Dodging        | |  2.0
Unarmed Combat | |  3.0
Spellcasting   | |  2.6
Transmutations | |  2.8

Action                   || total
-------------------------++-------
Melee: Hand axe          ||    67
       Staff             ||     5
       Constrict         ||    18
       Tentacles         ||    10
       Kick              ||     5
 Cast: Beastly Appendage ||    15
       Wereblood         ||     3
 Stab: Sleeping          ||     5
Armor: Skin              ||     3
Dodge: Dodged            ||    51
